 Dungeon Crawl Stone Soup version 0.29.0-3-gbb0933ed62 (webtiles) character file.

Game seed: 16462616245003211265

423 NinjaNoafa the Trooper (level 7, -1/56 HPs)
             Began as a Formicid Fighter on Aug 25, 2022.
             Was an Initiate of Ru.
             Succumbed to a water moccasin's poison
             ... on level 5 of the Dungeon.
             The game lasted 00:09:56 (4192 turns).

NinjaNoafa the Trooper (Formicid Fighter)           Turns: 4192, Time: 00:09:56

Health: -1/56      AC: 10    Str: 23    XL:     7   Next: 17%
Magic:  7/7        EV:  8    Int:  7    God:    Ru [......]
Gold:   266        SH: 10    Dex: 13    Spells: 6/6 levels left

rFire   . . .      SeeInvis +   a - +0 war axe
rCold   . . .      Faith    .   c - +0 buckler
rNeg    . . .      Spirit   .   e - +0 chain mail
rPois   .          Reflect  +   (helmet unavailable)
rElec   .          Harm     .   w - +0 cloak
rCorr   .          Rampage  .   (no gloves)
Will    .....                   (no boots)
Stlth   ..........              v - amulet of reflection
HPRegen 0.18/turn               (no ring)
MPRegen 0.10/turn               (no ring)

@: mighty, lethally poisoned (-1 -> -42)
A: permanent stasis, dig shafts and tunnels, antennae 3, four strong arms
a: Dig, Shaft Self, Renounce Religion


You were on level 5 of the Dungeon.
You worshipped Ru.
Ru was noncommittal.
You visited 2 branches of the dungeon, and saw 6 of its levels.

You collected 266 gold pieces.

Inventory:

Hand Weapons
 a - a +0 war axe (weapon)
Missiles
 k - 47 stones
Armour
 c - a +0 buckler (worn)
 e - a +0 chain mail (worn)
 w - a +0 cloak (worn)
Jewellery
 f - a ring of fire
 v - an amulet of reflection (around neck)
Wands
 t - a wand of flame (5) (quivered)
 y - a wand of digging (4)
Scrolls
 g - a scroll of immolation
 h - 2 scrolls of enchant weapon {unknown}
 i - a scroll of noise {unknown}
 m - a scroll of poison {unknown}
 o - a scroll of brand weapon {unknown}
 s - a scroll of enchant armour {unknown}
Potions
 b - a potion of berserk rage
 j - a potion of ambrosia {unknown}
 l - a potion of flight {unknown}
 n - a potion of heal wounds {unknown}
 p - a potion of haste {unknown}
 q - a potion of curing {unknown}
 r - 2 potions of magic {unknown}
 u - a potion of cancellation {unknown}
 x - a potion of attraction {unknown}
 A - 2 potions of brilliance {unknown}


   Skills:
 - Level 5.0 Fighting
 + Level 4.7 Axes
 - Level 4.0 Armour
 - Level 3.0 Dodging
 - Level 4.0 Shields


You had 6 spell levels left.
You didn't know any spells.
Your spell library contained the following spells:

 Spells                   Type           Power      Damage    Failure   Level
 Sting                    Tmut/Pois      0%         1d3       99%         1
 Poisonous Vapours        Pois/Air       0%         N/A       100%        2
 Dazzling Flash           Conj/Hex       0%         N/A       100%        3
 Inner Flame              Hex/Fire       0%         N/A       100%        3
 Lesser Beckoning         Tloc           0%         N/A       100%        3
 Animate Dead             Necr           0%         N/A       100%        4
 Olgreb's Toxic Radiance  Pois           0%         N/A       100%        4
 Agony                    Necr           0%         N/A       100%        5
 Manifold Assault         Tloc           0%         N/A       100%        5
 Silence                  Hex/Air        0%         N/A       100%        5
 Death's Door             Necr           0%         N/A       100%        9
 Blink                    Tloc           Unusable   N/A       N/A         2

Dungeon Overview and Level Annotations

Branches:
Dungeon (5/15)             Temple (1/1) D:5

Altars:
Ashenzari
Cheibriados
Dithmenos
Hepliaklqana
Qazlal
Ru
Wu Jian
Xom
Zin

Shops:
D:1 ([=


Innate Abilities, Weirdness & Mutations

You cannot be hasted, slowed, berserked, paralysed or teleported.
You can dig through walls and to a lower floor.
You have a pair of large antennae on your head. (SInv)
Your four strong arms can wield two-handed weapons with a shield.


Message History

You feel very sick. You block the water moccasin's attack.
The water moccasin bites you but does no damage.
The puff of flame hits the water moccasin!
The water moccasin is heavily wounded.
You feel sick. The water moccasin bites you.
The water moccasin bites you but does no damage.
The puff of flame hits the water moccasin.
The water moccasin is severely wounded.
You feel sick.
The water moccasin bites you but does no damage.
You barely miss the water moccasin.
The water moccasin is severely wounded.
You feel sick. You block the water moccasin's attack.
The water moccasin bites you but does no damage.
You miss the water moccasin.
The water moccasin is severely wounded.
You feel sick.
The water moccasin barely misses you. x2
It was a potion of berserk rage.
Your stasis prevents you from going berserk.
You feel sick. The water moccasin bites you.
You are more poisoned.
The water moccasin poisons you!
You closely miss the water moccasin.
The water moccasin is severely wounded.
You feel very sick.
The water moccasin bites you but does no damage.
You block the water moccasin's attack.
You hit the water moccasin.
The water moccasin is almost dead.
You feel very sick. The water moccasin bites you!
* * * LOW HITPOINT WARNING * * *
You are lethally poisoned!
The water moccasin poisons you! The water moccasin bites you.
* * * LOW HITPOINT WARNING * * *
You are more poisoned.
The water moccasin poisons you!
You feel very mighty all of a sudden.
You die...

#.....####
#####........#
#...............#
#.####.....####.#
#.#!.##...##{ #
#.#...##.## {
#.##..5#.#
#..##.S#.#+
###...###@..###.
#
#.........8......
##
#.#...###...###..
#. #..#..## +#.#+
###. #. #.##
.#{{{ #... #. #.#
{ .# { #..... #
#.# { .. ..##..
#. .. # ##. #.


You could see a water moccasin and a shadow imp.

Vanquished Creatures
  A black bear (D:3)
  A phantom (D:5)
  A hound (D:5)
  2 orc priests (D:5)
  A jelly (D:5)
  4 gnolls (D:4)
  7 adders
  A worm (D:4)
  3 orcs
  4 bats
  2 endoplasms
  A giant cockroach (D:2)
  3 hobgoblins
  3 jackals (D:3)
  2 kobolds
  2 ball pythons
  4 goblins
  5 rats
47 creatures vanquished.

Vanquished Creatures (others)
  7 plants (D:4)
7 creatures vanquished.

Grand Total: 54 creatures vanquished

Notes
Turn   | Place    | Note
-------+----------+-------------------------------------------
     0 | D:1      | NinjaNoafa the Formicid Fighter began the quest for the
                  | Orb.
     0 | D:1      | Reached XP level 1. HP: 18/18 MP: 1/1
   116 | D:1      | Reached XP level 2. HP: 21/24 MP: 2/2
   231 | D:1      | Found Siog's Antique Armour Shop.
   252 | D:1      | Found Qaof's Jewellery Boutique.
   279 | D:1      | Found Amoiq's Weapon Boutique.
   467 | D:2      | Reached skill level 1 in Dodging
   467 | D:2      | Reached XP level 3. HP: 24/30 MP: 3/3
   601 | D:2      | Got the Atlas of the Hot Dead
   614 | D:2      | Found a faded altar of an unknown god.
   644 | D:2      | Identified the +7 spear "Guid" {vamp, rPois rC+ Str+2}
  1058 | D:3      | Reached XP level 4. HP: 30/37 MP: 4/4
  1210 | D:3      | Noticed a black bear
  1218 | D:3      | Killed a black bear
  1219 | D:3      | Reached skill level 4 in Fighting
  1219 | D:3      | Reached XP level 5. HP: 20/42 MP: 5/5
  2528 | D:4      | Reached XP level 6. HP: 44/49 MP: 6/6
  2571 | D:4      | Found a sacrificial altar of Ru.
  3049 | D:4      | Became a worshipper of Ru the Awakened
  3303 | D:5      | Entered Level 5 of the Dungeon
  3426 | D:5      | Reached skill level 5 in Fighting
  3453 | D:5      | Found a staircase to the Ecumenical Temple.
  3465 | Temple   | Entered the Ecumenical Temple
  3787 | D:5      | Reached XP level 7. HP: 16/56 MP: 7/7
  4175 | D:5      | Noticed a water moccasin
  4192 | D:5      | Succumbed to a water moccasin's poison

Illustrated notes

Levels and vault maps discovered:
D:1:      saegor_arrival_miasma, layout_basic, serial_shops,
          nicolae_shop_bloodbath_and_beyond,
          nicolae_shop_temple_entry_statues_fountains, nicolae_shop_behind_doors
D:2:      layout_rooms, basic_ecumenical_altar, amcnicky_mini_pool_small
D:3:      layout_loops_corners, small_statue_intersection
D:4:      layout_loops_ring, nicolae_ru_awakened_eye, serial_bayou,
          serial_bayou_shore_b, serial_bayou_lake_a, serial_bayou_lagoon_b,
          serial_bayou_shore_b, serial_bayou_pond_e, dreamdust_princess_corridor
D:5:      cheibrodos_barr_body, layout_cave_pods,
          mainiacjoe_overflow_six_doors_small, minmay_temple_entry_junction,
          portal_sewer_entry_e
Temple:   hellmonk_temple_flake

Skill      XL: |  1  2  3  4  5  6 |
---------------+-------------------+-----
Dodging        | 1 2 3 |  3.0
Fighting       | 4 5 |  5.0
Axes           | 3 4 |  4.7
Armour         | 4 |  4.0
Shields        | |  4.0

Action                   |  1- 3 |  4- 6 |  7- 9 || total
-------------------------+-------+-------+-------++-------
Melee: War axe           |    70 |    92 |     8 ||   170
Throw: Dart              |       |       |     2 ||     2
       Stone             |       |       |     1 ||     1
Evoke: Wand              |       |       |     4 ||     4
  Use: Scroll            |       |     2 |       ||     2
       Potion            |       |       |     2 ||     2
Armor: Chain mail        |    52 |    53 |     9 ||   114
Dodge: Dodged            |    44 |    51 |     3 ||    98
Block: Buckler           |    28 |    32 |     7 ||    67
